Unix NetHack Version 3.7.0-65 Work-in-progress - last build Oct 10 2022 05:34:18 (2afc5cfc90f7ecdc2856d9919a2295b875398e55,branch:master). Game began 2022-10-11 13:58:13, ended 2022-10-11 14:42:13. ichbinmiah, chaotic female human Rogue ---------------- -------------- |..............| #@n###########################....>........| |..............-##### |............| |.....[...<....| "######### |.....^......| |..............|######## -------|-----############.............| --|----------.--# |C....)....C|# -------------- ############### |.....C.....|# ### |...-----...|# # |...|.{.|...|# # |..C|{.{|*..|# ######### ### |...| {.|...|# # #### --------.------ |...---.-...|# # #-------- ---- |............"| |.....C.....|# # #-...........| |..............##### |C.........C|# # #|...[.......| |.............| #####-------------# # +...........| |..............########################### ------------- |.............| --------------- Ichbinmiah the Rogue St:12 Dx:17 Co:17 In:9 Wi:15 Ch:8 Chaotic Dlvl:6 $:33 HP:0(58) Pw:23(23) AC:4 Xp:6/370 T:4855 Satiated Latest messages: You don't have that object. What do you want to use or apply? [eklpv or ?*] Never mind. The mountain nymph zaps a wand of striking! The statue shatters. The wand misses you. You see here a statue of a plains centaur. You see here a statue of a plains centaur. w - a pink spellbook. You see here 36 rocks. What do you want to use or apply? [eklpvw or ?*] You don't have that object. What do you want to use or apply? [eklpvw or ?*] You don't have that object. What do you want to use or apply? [eklpvw or ?*] Never mind. You see here 3 darts. You hear some noises in the distance. The mountain nymph vanishes! You hear bubbling water. You see here 3 darts. You stumble into a spider web! You are stuck to the web. You are stuck to the web. You disentangle yourself. You begin bashing monsters with your bare hands. You hit the lichen. You kill the lichen! You see here a lichen corpse. There is a lichen corpse here; eat it? [ynq] (n) This lichen corpse tastes okay. You finish eating the lichen corpse. You hear a nearby zap. The wand hits you! You hear a nearby zap. The wand misses you. What do you want to throw? [$as or ?*] In what direction? You throw 3 daggers. The 1st dagger hits the mountain nymph! The 2nd dagger hits the mountain nymph. The 3rd dagger hits the mountain nymph. The mountain nymph zaps a wand of striking! The wand hits you! You die... Do you want your possessions identified? [ynq] (y) Do you want to see your attributes? [ynq] (y) Do you want an account of creatures vanquished? [ynaq] (y) Do you want to see your conduct and achievements? [ynq] (y) Do you want to see the dungeon overview? [ynq] (y) Inventory: Coins $ - 33 gold pieces Weapons a - 2 uncursed +0 daggers (at the ready) s - a cursed -1 orcish dagger Armor O - a blessed +0 orcish helm (being worn) t - an uncursed +0 orcish helm N - an uncursed +0 chain mail (being worn) Scrolls u - an uncursed scroll of magic mapping Spellbooks w - an uncursed spellbook of jumping Wands e - an uncursed wand of striking (0:3) Tools k - an uncursed lock pick v - an uncursed mirror p - an uncursed +0 pick-axe l - an uncursed partly used tallow candle Ichbinmiah the Rogue's attributes: Background: You were a Rogue, level 6 female human. You were chaotic, on a mission for Kos who was opposed by Issek (lawful) and Mog (neutral). You were in the Dungeons of Doom, on level 6. You entered the dungeon 4855 turns ago. There was a full moon in effect when your adventure ended. You had 370 experience points, 270 more were needed to attain level 7. Basics: You had 0 out of 58 hit points. You had all 23 energy points (spell power). Your armor class was 4. Your wallet contained 33 zorkmids. Autopickup was on for '$?!/="+*' plus thrown, with exceptions. Final Characteristics: Your strength was 12 (limit:18/100). Your dexterity was 17 (peak:18, limit:18). Your constitution was 17 (limit:18). Your intelligence was 9 (limit:18). Your wisdom was 15 (limit:18). Your charisma was 8 (limit:18). Final Status: You were satiated. You were unencumbered. You were bare handed. You were unskilled in bare handed combat. Final Attributes: You were piously aligned. You were telepathic. You were stealthy. You were warded. You were fast. You were lucky. You are dead. Miscellaneous: You disabled loading of bones levels. Total elapsed playing time was 43 minutes and 58 seconds. Major events: Turn 1: ichbinmiah the chaotic female human Rogue entered the dungeon 1013: attained the rank of Cutpurse (level 3) 3333: entered the Gnomish Mines 4583: attained the rank of Rogue (level 6) 4855: killed by a wand Vanquished creatures: a dog a rock mole a pony a gnome leader a guardian naga hatchling a gray ooze a straw golem a baby crocodile 2 giant ants a little dog a floating eye a kobold leader 2 hill orcs 3 rothes a dwarf zombie 2 iguanas an acid blob 3 coyotes a gas spore 3 hobbits 2 manes a large kobold 3 hobgoblins 5 giant rats 5 cave spiders a yellow mold a green mold 5 gnomes 2 geckos 9 jackals 3 foxes a kobold 7 goblins 2 sewer rats 6 grid bugs 4 lichens 2 kobold zombies 5 newts 93 creatures vanquished. No species were genocided or became extinct. Voluntary challenges: You read items or engraved 7 times. You engraved Elbereth 4 times. You never genocided any monsters. You never polymorphed an object. You never changed form. You used no wishes. Achievements: You entered a shop. You attained the rank of Cutpurse. You entered the Gnomish Mines. You attained the rank of Rogue. The Dungeons of Doom: levels 1 to 6 Level 1: An altar to Kos, some fountains. Level 2: A potion shop. Level 3: "vault on level" An altar to Kos, a fountain. Level 4: Stairs down to The Gnomish Mines. Level 5: A fountain. Level 6: <- You were here. Many fountains. Final resting place for you, killed by a wand. The Gnomish Mines: Level 5: Game over: ---------- / \ / REST \ / IN \ / PEACE \ / \ | ichbinmiah | | 33 Au | | killed by a wand | | | | | | | | 2022 | *| * * * | * _________)/\\_//(\/(/\)/\//\/|_)_______ Goodbye ichbinmiah the Rogue... You died in The Dungeons of Doom on dungeon level 6 with 1770 points, and 33 pieces of gold, after 4855 moves. You were level 6 with a maximum of 58 hit points when you died.